 Dungeon Crawl Stone Soup version 0.28-a0-1435-g82390b3a13 (webtiles) character file.

Game seed: 8698481308678266871

179 blackman the Spear-Bearer (level 5, -2/38 HPs)
             Began as a Merfolk Gladiator on Jan 9, 2022.
             Was a High Priest of Ignis.
             Slain by Natasha (3 damage)
             ... on level 3 of the Dungeon.
             The game lasted 00:14:38 (2956 turns).

blackman the Spear-Bearer (Merfolk Gladiator)       Turns: 2956, Time: 00:14:39

Health: -2/38      AC:  4    Str: 17    XL:     5   Next: 59%
Magic:  5/5        EV: 13    Int:  7    God:    Ignis [*****.]
Gold:   74         SH:  0    Dex: 15    Spells: 4/4 levels left

rFire   + . .      SeeInvis .   a - +0 trident
rCold   . . .      Faith    .   (no shield)
rNeg    . . .      Spirit   .   j - +0 leather armour
rPois   .          Reflect  .   c - +0 helmet
rElec   .          Harm     .   (no cloak)
rCorr   .          Rampage  .   (no gloves)
Will    .....                   (no boots)
Stlth   +.........              (no amulet)
HPRegen 0.12/turn               (no ring)
MPRegen 0.09/turn               (no ring)

@: rising, flying, slowed, very slow
A: (nimble swimmer 2), mertail
a: Renounce Religion, Fiery Armour, Foxfire Swarm


You were on level 3 of the Dungeon.
You worshipped Ignis.
Ignis was extremely pleased with you.
You visited 1 branch of the dungeon, and saw 3 of its levels.

You collected 74 gold pieces.

Inventory:

Hand Weapons
 a - a +0 trident (weapon)
 b - a +0 hunting sling
Missiles
 d - 3 throwing nets (quivered)
 k - 74 stones
 m - 12 poisoned darts
Armour
 c - a +0 helmet (worn)
 j - a +0 leather armour (worn)
Wands
 g - a wand of flame (12)
 p - a wand of polymorph (7)
 q - a wand of iceblast (8)
Scrolls
 e - a scroll of torment {unknown}
 h - a scroll of blinking {unknown}
 i - a scroll of fog {unknown}
 l - a scroll of noise {unknown}
 n - a scroll of fear {unknown}
 o - a scroll of magic mapping {unknown}
 r - a scroll of amnesia {unknown}
Potions
 f - a potion of heal wounds {unknown}


   Skills:
 - Level 2.1 Fighting
 * Level 8.8 Polearms
 - Level 2.0 Throwing
 - Level 4.0 Dodging


You had 4 spell levels left.
You didn't know any spells.
Your spell library contained the following spells:

 Spells                   Type           Power      Damage    Failure   Level
 Foxfire                  Conj/Fire      0%         2x1d4     50%         1
 Conjure Flame            Conj/Fire      0%         6-21      86%         3
 Inner Flame              Hex/Fire       0%         N/A       86%         3
 Flame Wave               Conj/Fire      0%         2d4       99%         4


Dungeon Overview and Level Annotations

Branches:
Dungeon (3/15)

Altars:
The Shining One
Ignis

Annotations:
D:3 Natasha


Innate Abilities, Weirdness & Mutations

((You are very nimble when in or above water. (Stealth+, EV+, Speed+++)))
Your lower body shifts to a powerful aquatic tail in water.


Message History

You hit Natasha but do no damage.
Natasha is lightly wounded.
Natasha casts a spell at you.
You feel yourself slow down.
Aiming: Polymorph
Press: ? - help, Shift-Dir - straight line, f/p - Natasha
Aim: Natasha (lightly wounded, will become a hobgoblin, an ice beast, or a howler monkey, chance to affect: 49%)
Okay, then.
Unknown command.
Unknown command.
You hit Natasha.
Natasha is moderately wounded.
Natasha closely misses you.
You miss Natasha.
Natasha is moderately wounded.
Natasha barely misses you.
You hit Natasha but do no damage. You punch Natasha.
Natasha is heavily wounded.
Natasha misses you.
You closely miss Natasha.
Natasha is heavily wounded.
Natasha closely misses you.
Natasha mumbles some strange words.
You feel troubled. Natasha claws you but does no damage.
You closely miss Natasha.
Natasha is heavily wounded.
Natasha mumbles some strange words.
You hit Natasha but do no damage.
Natasha is heavily wounded.
Natasha claws you.
* * * LOW HITPOINT WARNING * * *
The crimson imp blinks!
You miss Natasha.
Natasha is heavily wounded.
Natasha closely misses you. Natasha claws you!
* * * LOW HITPOINT WARNING * * *
You begin to rise into the air.
Natasha claws you.
You die...

....†.#...#..#
#.##.#.#...^....
..###.#._.#..##
#.#..#.######...
..###.#...#...# #....#..#
##...
#.....#.<.#.#.##..#.#..##
#..<.
#.##..#...#.#.##.##.#.##
#.... #.###.#####.#.......#.#
#...# #.#
#.................##### #....
#.#
##....#.###5###.......###....
#.#
##...##....h@..†####.........
#.#
#......####.#...####.(.......
#.# #......#
#.#.÷....(.#....#.. #......#
#.#..............(. #......#
#############...... #......#
#...#.. ##.####.. #...# ( #..
... #...# ... .. _#...#


You could see Natasha and a crimson imp (summoned).

Vanquished Creatures
  Natasha (twice) (D:3)
  An orc wizard (D:3)
  3 adders
  3 worms (D:2)
  2 dart slugs
  4 orcs (D:3)
  4 ball pythons
  8 bats
  5 endoplasms
  4 giant cockroaches
  6 goblins
  2 hobgoblins
  4 jackals (D:2)
  2 quokkas (D:2)
  3 frilled lizards
  6 kobolds
  5 rats
64 creatures vanquished.

Notes
Turn   | Place    | Note
-------+----------+-------------------------------------------
     0 | D:1      | blackman the Merfolk Gladiator began the quest for the Orb.
     0 | D:1      | Reached XP level 1. HP: 16/16 MP: 1/1
   236 | D:1      | Reached skill level 5 in Polearms
   236 | D:1      | Reached XP level 2. HP: 22/22 MP: 2/2
   813 | D:2      | Reached skill level 6 in Polearms
   813 | D:2      | Reached XP level 3. HP: 27/27 MP: 3/3
  1286 | D:2      | Reached skill level 7 in Polearms
  1286 | D:2      | Reached XP level 4. HP: 33/33 MP: 4/4
  2100 | D:3      | Found a faded altar of an unknown god.
  2103 | D:3      | Prayed at the altar of an unknown god.
  2103 | D:3      | Became a worshipper of Ignis, the Dying Flame
  2307 | D:3      | Reached skill level 8 in Polearms
  2307 | D:3      | Reached XP level 5. HP: 16/38 MP: 5/5
  2562 | D:3      | Found a glowing golden altar of the Shining One.
  2562 | D:3      | Noticed Natasha
  2583 | D:3      | Killed Natasha
  2894 | D:3      | Noticed Natasha
  2901 | D:3      | Killed Natasha
  2937 | D:3      | Noticed Natasha
  2955 | D:3      | HP: 1/38 [Natasha (8)]
  2956 | D:3      | Slain by Natasha

Illustrated notes

Levels and vault maps discovered:
D:1:      tarquinn_simple_flora_water_a, layout_loops_corners
D:2:      layout_basic, minmay_pentomino_r2
D:3:      layout_rooms, nicolae_overflow_hidden_temple, lightli_temple_of_fire,
          nicolae_hepliaklqana_ecumenical_no_more, nicolae_ecumenical_oubliette,
          uniq_natasha

Skill      XL: |  1  2  3  4 |
---------------+-------------+-----
Polearms       | 5 6 7 8 |  8.8
Fighting       | |  2.1
Throwing       | |  2.0
Dodging        | |  4.0

Action                   |  1- 3 |  4- 6 || total
-------------------------+-------+-------++-------
Melee: Trident           |   119 |   105 ||   224
       Punch             |       |     1 ||     1
 Fire: Hunting sling     |     2 |    23 ||    25
Invok: Fiery Armour      |       |     2 ||     2
       Rising Flame      |       |     1 ||     1
  Use: Potion            |       |     2 ||     2
 Stab: Sleeping          |     4 |       ||     4
Armor: Leather armour    |    23 |    45 ||    68
Dodge: Dodged            |    74 |    65 ||   139

Table legend: (Time is in decaauts)
 A = Elapsed time spent in this place.
 B = Non-inter-level travel time spent in this place.
 C = Inter-level travel time spent in this place.
 D = Time resting spent in this place.
 E = Time spent auto-exploring this place.
 F = Levels seen in this place.
 G = Mean time per level.
                   A        B        C        D        E       F      G
               +--------+--------+--------+--------+--------+-----+--------+
         Total |   2943 |   2827 |    116 |    346 |   1980 |   3 |  981.0 |
       Dungeon |   2943 |   2827 |    116 |    346 |   1980 |   3 |  981.0 |
               +--------+--------+--------+--------+--------+-----+--------+

Top non-repeatable levels by time:
     D:2: 1349 daAuts
     D:3: 803 daAuts
     D:1: 790 daAuts
